AoeStats
← BettyBlue33

Golden Pit

509838914Analyzed
1v1 RM · 5d ago on Sep 28, 2026· 60m 18s· 2 players
Game mode
Random Map
Map size
Tiny (2 player)
Population
200
Speed
Normal
Resources
Standard
Victory
Conquest
Starting age
Dark Age
Ending age
Imperial Age
RankedLock teamsTeams togetherTeam positionsShared explorationLock speedFull tech treeHidden civsTurbo modeCheats
Victory
Defeat
🇱🇻 Burgundians · Latvia
843
+18
🇺🇸 Huns · United States
892
-18
FadedMango23806
12:13 Feudal Age
13:01 Man-at-Arms
13:36 Horse Collar
14:22 Double-Bit Axe
18:56 Scale Mail Armor
19:47 Forging
23:56 Castle Age
24:04 Scale Barding Armor
24:30 Bow Saw
24:15 Long Swordsman
25:18 Gold Mining
27:20 Cavalier
30:12 Gold Shaft Mining
30:05 Husbandry
31:57 Stone Mining
35:43 Pikeman
41:55 Stone Shaft Mining
50:31 Imperial Age
48:40 Wheelbarrow
49:09 Chain Mail Armor
51:16 Halberdier
51:17 Two-Handed Swordsman
51:23 Two-Handed Swordsman
52:53 Champion
58:12 Plate Mail Armor
58:18 Iron Casting
BettyBlue33
9:33 Feudal Age
9:54 Loom
11:17 Double-Bit Axe
11:16 Horse Collar
12:33 Wheelbarrow
11:52 Town Watch
14:34 Scale Barding Armor
14:40 Forging
16:20 Bloodlines
17:44 Town Watch
19:00 Padded Archer Armor
19:00 Fletching
22:38 Gold Mining
22:41 Stone Mining
25:58 Castle Age
26:22 Crossbowman
29:00 Hand Cart
28:56 Bow Saw
28:47 Heavy Plow
30:01 Gold Shaft Mining
35:34 Chain Barding Armor
36:56 Iron Casting
37:47 Scale Mail Armor
38:05 Squires
38:28 Pikeman
40:13 Arson
40:50 Chain Mail Armor
43:36 Husbandry
45:05 Bodkin Arrow
49:17 Imperial Age
50:02 Cavalier
54:00 Halberdier
55:51 Blast Furnace
58:55 Light Cavalry
Connection lost

Rejoining the realm…

Still unreachable

The connection could not be restored.

Session expired

The server has moved on; the page needs a fresh start.